AoeStats
← CharlesKap

African Clearing

510336919Analyzed
4v4 RM · 11h ago on Sep 30, 2026· 53m 43s· 8 players
Game mode
Random Map
Map size
Large (8 player)
Population
200
Speed
Normal
Resources
Standard
Victory
Conquest
Starting age
Dark Age
Ending age
Imperial Age
RankedLock teamsTeams togetherTeam positionsShared explorationLock speedFull tech treeHidden civsTurbo modeCheats
Victory
Defeat
🇬🇧 Hindustanis · United Kingdom
1093
+15
🇹🇼 Britons · Taiwan
1092
+16
🇷🇺 Franks · Russia
1062
+17
🇮🇩 Shu · Indonesia
1061
+17
🇧🇾 Armenians · Belarus
1101
-17
🇫🇷 Britons · France
1098
-17
🇨🇦 Dravidians · Canada
1066
-16
🇨🇱 Persians · Chile
1055
-15
Amork
5:23 Loom
15:39 Feudal Age
19:45 Castle Age
18:37 Double-Bit Axe
18:34 Horse Collar
18:56 Fletching
23:39 Wheelbarrow
23:34 Crossbowman
25:28 Bodkin Arrow
28:45 Padded Archer Armor
29:35 Town Watch
30:03 Bow Saw
31:29 Leather Archer Armor
32:49 Hand Cart
37:13 Ballistics
41:11 Imperial Age
40:32 Scale Barding Armor
40:38 Forging
41:10 Gold Mining
41:11 Stone Mining
41:24 Heavy Plow
42:19 Conscription
42:21 Yeomen
43:07 Chemistry
42:33 Bracer
43:05 Ring Archer Armor
44:35 Two-Man Saw
43:44 Elite Longbowman
45:48 Hoardings
45:27 Masonry
45:27 Arbalester
46:42 Architecture
46:09 Murder Holes
46:46 Light Cavalry
47:28 Husbandry
47:50 Warwolf
49:13 Chain Barding Armor
49:28 Iron Casting
51:44 Two-Man Saw
52:54 Siege Engineers
Lamlam
9:55 Loom
14:50 Feudal Age
19:24 Castle Age
18:12 Horse Collar
18:51 Stone Mining
19:38 Double-Bit Axe
20:16 Pikeman
25:13 Gold Mining
27:36 Scale Mail Armor
29:05 Wheelbarrow
28:59 Squires
30:13 Forging
31:38 Gold Shaft Mining
32:09 Iron Casting
31:48 Bow Saw
32:38 Heavy Plow
33:56 Chain Mail Armor
34:41 Hand Cart
36:26 Town Watch
37:19 Fletching
41:54 Imperial Age
39:57 Padded Archer Armor
41:23 Grand Trunk Road
42:10 Stone Shaft Mining
42:07 Town Patrol
42:40 Leather Archer Armor
44:33 Chemistry
43:45 Masonry
44:52 Blast Furnace
44:47 Ring Archer Armor
44:54 Shatagni
45:16 Conscription
45:32 Hoardings
47:04 Bodkin Arrow
47:33 Siege Engineers
47:24 Murder Holes
52:00 Bracer
Bladelord
13:54 Loom
16:16 Feudal Age
17:39 Double-Bit Axe
20:12 Castle Age
21:15 Bow Saw
25:25 Scale Barding Armor
26:51 Chain Barding Armor
27:45 Forging
30:12 Wheelbarrow
31:54 Gold Mining
31:57 Stone Mining
35:00 Hand Cart
35:39 Fletching
37:21 Husbandry
38:54 Bodkin Arrow
41:38 Imperial Age
39:59 Iron Casting
39:46 Herbal Medicine
40:35 Murder Holes
41:02 Ballistics
41:58 Cavalier
52:50 Conscription
Axie
11:09 Loom
14:32 Feudal Age
18:49 Castle Age
17:01 Horse Collar
19:47 Stone Mining
19:53 Double-Bit Axe
31:59 Crossbowman
32:45 Elite Skirmisher
36:56 Fletching
37:06 Padded Archer Armor
38:45 Wheelbarrow
40:14 Town Watch
40:40 Bow Saw
40:33 Heavy Plow
41:07 Hand Cart
40:59 Bodkin Arrow
41:39 Coiled Serpent Array
47:50 Imperial Age
46:47 Ballistics
47:12 Murder Holes
47:46 Bow Saw
48:43 Leather Archer Armor
48:39 Forging
48:30 Scale Mail Armor
48:00 Capped Ram
49:03 Conscription
49:46 Chemistry
48:09 Arbalester
49:24 Thumb Ring
50:29 Pikeman
51:09 Squires
50:55 Arson
在里面
7:28 Loom
16:38 Feudal Age
17:57 Double-Bit Axe
21:05 Castle Age
19:20 Man-at-Arms
20:04 Fishing Lines
22:21 Squires
22:17 Stone Mining
22:43 Pikeman
23:10 Arson
23:36 Gillnets
24:00 Gambesons
26:22 Horse Collar
28:37 Wheelbarrow
31:34 Forging
31:24 Scale Mail Armor
31:59 Bow Saw
32:02 Heavy Plow
32:19 Long Swordsman
34:13 Gold Mining
35:46 Town Watch
35:42 Elite Skirmisher
37:37 Iron Casting
37:17 Chain Mail Armor
38:21 Hand Cart
38:07 Town Patrol
44:28 Imperial Age
45:36 Conscription
46:07 Halberdier
48:28 Two-Man Saw
48:02 Guilds
48:57 Fortified Wall
49:08 Ballistics
49:48 Chemistry
51:34 Plate Mail Armor
52:15 Blast Furnace
52:22 Wootz Steel
54:08 Hoardings
CharlesKap
9:32 Loom
12:36 Feudal Age
14:23 Fletching
16:34 Wheelbarrow
22:33 Gold Mining
23:23 Padded Archer Armor
26:58 Castle Age
27:37 Bodkin Arrow
27:05 Crossbowman
28:20 Pikeman
29:01 Scale Mail Armor
29:31 Squires
31:04 Double-Bit Axe
33:31 Leather Archer Armor
36:22 Hand Cart
42:20 Ballistics
42:38 Bow Saw
42:12 Horse Collar
43:13 Gold Shaft Mining
45:44 Imperial Age
43:42 Heavy Plow
43:50 Stone Mining
44:27 Treadmill Crane
45:37 Scale Barding Armor
45:43 Forging
46:40 Chain Barding Armor
45:46 Light Cavalry
46:22 Arbalester
49:11 Conscription
50:06 Bracer
51:24 Chain Barding Armor
52:59 Husbandry
53:34 Warwolf
Wospenzukh
15:08 Feudal Age
13:25 Loom
15:19 Man-at-Arms
15:49 Double-Bit Axe
16:10 Long Swordsman
18:06 Arson
22:56 Castle Age
22:05 Forging
21:55 Scale Mail Armor
23:29 Gambesons
23:08 Two-Handed Swordsman
26:34 Pikeman
28:26 Bow Saw
30:37 Wheelbarrow
30:49 Horse Collar
31:25 Fletching
33:52 Bodkin Arrow
35:39 Fervor
37:31 Padded Archer Armor
37:53 Hand Cart
39:44 Leather Archer Armor
40:42 Town Watch
41:18 Gold Mining
46:37 Imperial Age
45:37 Ballistics
46:22 Champion
48:12 Conscription
48:19 Squires
48:30 Elite Composite Bowman
49:29 Gambesons
49:54 Bracer
51:39 Gold Shaft Mining
52:00 Ring Archer Armor
51:52 Chain Mail Armor
53:11 Chemistry
TVHG.hadess
3:12 Loom
15:00 Feudal Age
16:02 Double-Bit Axe
20:10 Castle Age
20:09 Horse Collar
22:34 Forging
24:20 Bloodlines
24:39 Heavy Plow
27:37 Wheelbarrow
27:20 Bow Saw
32:48 Husbandry
34:01 Fervor
34:48 Hand Cart
34:44 Gold Mining
34:45 Stone Mining
35:10 Scale Barding Armor
35:41 Iron Casting
36:34 Chain Barding Armor
40:16 Imperial Age
39:53 Cavalier
39:54 Heavy Camel Rider
41:44 Chemistry
42:26 Gold Shaft Mining
42:27 Stone Shaft Mining
42:57 Conscription
43:26 Plate Barding Armor
43:52 Blast Furnace
44:43 Fletching
47:57 Two-Man Saw
48:39 Bodkin Arrow
48:15 Savar
Connection lost

Rejoining the realm…

Still unreachable

The connection could not be restored.

Session expired

The server has moved on; the page needs a fresh start.